 Dungeon Crawl Stone Soup version 0.17.1-3-g152610e (webtiles) character file.

16158 Gargoyl the Fighter (level 12, -4/114 HPs)
             Began as a Demonspawn Abyssal Knight on Feb 25, 2016.
             Was a High Priest of Lugonu.
             Slain by Rupert
             ... wielding a +0 great mace of holy wrath
              (14 damage)
             ... on level 2 of the Orcish Mines.
             The game lasted 00:57:51 (15226 turns).

Gargoyl the Fighter (Demonspawn Abyssal Knight)    Turns: 15226, Time: 00:57:51

Health: -4/114     AC: 30    Str: 23    XL:     12   Next: 7%
Magic:  0/14       EV: 12    Int: 12    God:    Lugonu [*****.]
Gold:   699        SH: 17    Dex: 17    Spells: 0 memorised, 11 levels left

rFire  . . .     SeeInvis .     u - +1 war axe
rCold  + . .     Clarity  .     M - +0 plate armour
rNeg   . . .     SustAt   .     y - +0 large shield
rPois  +         Gourm    .     J - +0 helmet
rElec  .         Spirit   .     C - +2 cloak {+Inv}
rCorr  .         Warding  .     I - +0 pair of gloves
rMut   .         Stasis   .     B - +0 pair of boots
MR     .....                    (no amulet)
Stlth  ..........               D - ring of poison resistance
                                q - +3 ring of protection

@: mighty, agile, not resistant to hostile enchantments, extremely unstealthy
A: talons 2, iridescent scales 2, cold resistance 1, dopey 1, mutation
resistance 1, powered by pain 2, robust 2
a: Depart the Abyss, Bend Space, Banish, Corrupt, Enter the Abyss, Renounce
Religion, Evoke Invisibility


You were on level 2 of the Orcish Mines.
You worshipped Lugonu.
Lugonu was extremely pleased with you.
You were not hungry.

You visited 2 branches of the dungeon, and saw 13 of its levels.
You visited the Abyss 1 time.

You collected 1036 gold pieces.
You spent 337 gold pieces at shops.

Inventory:

Hand Weapons
 a - the +9 flail of the Six Eyes {venom, rElec rPois Str+3 Int-4}
   (You found it on level 4 of the Dungeon)

   It poisons the flesh of those it strikes.
   It affects your strength (+3).
   It affects your intelligence (-4).
   It insulates you from electricity.
   It protects you from poison.
 u - a +1 war axe (weapon)
Missiles
 w - 11 tomahawks (quivered)
Armour
 y - a +0 large shield (worn)
 B - a +0 pair of boots (worn)
 C - a +2 cloak of invisibility (worn)
 I - a +0 pair of gloves (worn)
 J - a +0 helmet (worn)
 M - a +0 plate armour (worn)
Jewellery
 q - a +3 ring of protection (left hand)
 s - an uncursed ring of magical power
 D - a ring of poison resistance (right hand)
Wands
 d - a wand of magic darts (32)
 E - a wand of fireball (5)
 G - a wand of digging (12)
Scrolls
 b - 2 scrolls of teleportation
 e - 8 scrolls of identify
 o - 6 scrolls of remove curse
 p - a scroll of fear
Potions
 f - a potion of haste {unknown}
 h - 2 potions of flight {unknown}
 m - 3 potions of brilliance {unknown}
 n - 2 potions of curing
 r - 2 potions of poison {unknown}
 t - 2 potions of cancellation {unknown}
 v - a potion of ambrosia {unknown}
 x - a potion of berserk rage {unknown}
 z - 3 potions of agility {unknown}
 A - a potion of mutation {unknown}
 H - 2 potions of lignification
 L - a potion of resistance
Comestibles
 g - 7 meat rations
 j - a fruit
 k - 6 bread rations
 l - 2 slices of pizza
 K - a beef jerky


   Skills:
 + Level 9.3 Fighting
 + Level 4.5(6.7) Axes
 + Level 7.7(8.3) Maces & Flails
 + Level 1.8 Throwing
 + Level 8.6 Armour
 + Level 7.2 Dodging
 + Level 1.3 Stealth
 + Level 7.9 Shields
 + Level 2.8 Invocations


You had 11 spell levels left.
You didn't know any spells.

Dungeon Overview and Level Annotations

Branches:
Dungeon (11/15)            Temple (0/1) D:7             Orc (2/4) D:11
   Lair: D:8-11

Altars:
Dithmenos
Fedhas
Gozag
Kikubaaqudgha
Nemelex Xobeh
Okawaru
Qazlal
Trog
Xom
The Shining One
Beogh

Shops:
D:5 *[   D:7 [(*[   D:9 :   D:10 :   Orc:2 :

Annotations:
Orc:2 Rupert


Innate Abilities, Weirdness & Mutations

You have razor-sharp toenails.
You are mostly covered in iridescent scales (AC +6).
You sometimes gain power by taking damage.
You are very robust (+20% HP).
Your flesh is cold resistant.
You are dopey. (Int -2)
You are somewhat resistant to further mutation.


Message History

You block the orc's attack.
Drink which item? (? for menu, Esc to quit)
It was a potion of curing.
You feel better.
Rupert roars madly and goes into a rage!
Rupert goes berserk!
The orc barely misses you. You block the orc's attack.
Rupert hits you with a great mace of holy wrath!
You convulse!!
Rupert hits you with a great mace of holy wrath!!
You focus on the pain.
You feel very mighty all of a sudden.
You convulse!!!
* * * LOW HITPOINT WARNING * * *
You focus on the pain.
You feel agile all of a sudden.
Press: ? - help, Shift-Dir - straight line, f/p - Rupert
Aim: Rupert, wielding a great mace of holy wrath and wearing a shiny ring mail (berserk, fast, unusually strong, chance to defeat MR: 8%) Rupert resists with almost no effort.
You feel somewhat more hungry.
Rupert hits you with a great mace of holy wrath!
You die...

...................[())........
.........#...#....#.............
................#.#..............
......)(...........#..#..........
......[<>.............#.........
#.....[)[.......#.............# .
.....).).........ooo.....$..>.#..
.................@#..............
#...............@.##.......$.....
.#.........<.....####.....$.....#
##................# ###..........
...._.............###............
...................#.............
............#<....##...........#.
...........#.##.####...........#
..................##..#.......##
...........#...........#......#


You could see Rupert (berserk) and 3 orcs.

Vanquished Creatures
  Fannar (Orc:1)
  A hydra (D:10)
  Pikel (D:4)
  An ugly thing (D:8)
  4 hill giants
  A manticore (D:11)
  2 gargoyles
  3 trolls
  A shadow (D:11)
  The ghost of germz the Charlatan, an amateur KoAr (D:4)
  Sigmund (D:5)
  A wraith (D:11)
  3 water elementals
  2 yaks (D:10)
  A wyvern (D:8)
  3 hungry ghosts
  A wolf (D:11)
  3 hippogriffs
  A warg (Orc:2)
  Duvessa (D:6)
  4 sky beasts
  A black bear (D:10)
  5 ice beasts
  9 orc warriors
  4 phantoms
  A slave (D:4)
  9 ogres
  A wasp (D:6)
  A crocodile (D:10)
  2 centaurs
  Blork the orc (D:5)
  4 giant frogs
  Dowan (D:6)
  6 big kobolds
  A gnoll sergeant (D:7)
  3 scorpions (D:8)
  13 killer bees
  3 wights (D:10)
  2 centaur zombies
  3 electric eels (D:11)
  A giant frog zombie (D:8)
  3 crimson imps
  2 jellies
  17 hounds
  9 worker ants
  4 giant frog skeletons
  10 orc priests
  A quasit (D:8)
  Natasha (twice) (D:4)
  16 orc wizards
  6 iguanas
  2 killer bee zombies
  2 sheep (D:10)
  2 worker ant zombies
  21 gnolls
  12 adders
  3 shadow imps (D:10)
  An ooze (D:1)
  6 worms
  2 adder skeletons
  An adder zombie (D:5)
  5 giant geckos
  86 orcs
  8 bats
  7 giant cockroaches
  9 hobgoblins
  8 jackals
  5 quokkas
  A giant cockroach zombie (D:5)
  A giant gecko skeleton (D:4)
  10 giant newts
  11 goblins
  16 kobolds
  A quokka skeleton (D:8)
  15 rats
413 creatures vanquished.

Vanquished Creatures (others)
  2 slaves (D:4)
  Natasha (D:4)
  An orc (D:11)
4 creatures vanquished.

Grand Total: 417 creatures vanquished

Notes
Turn   | Place    | Note
--------------------------------------------------------------
     0 | Abyss:1  | Gargoyl the Demonspawn Abyssal Knight began the quest for the Orb.
     0 | Abyss:1  | Reached XP level 1. HP: 18/18 MP: 2/2
    37 | Abyss:1  | Noticed a small abomination
    75 | Abyss:1  | Found a corrupted altar of Lugonu.
   103 | Abyss:1  | Noticed a small abomination
   105 | Abyss:1  | Noticed a raiju
   124 | Abyss:1  | Noticed a large abomination
   124 | Abyss:1  | Noticed a smoke demon
   130 | Abyss:1  | Found a corrupted altar of Lugonu.
   156 | Abyss:1  | Noticed a hellephant
   181 | D:1      | Escaped the Abyss
   235 | D:1      | Gained mutation: You sometimes gain a little power by taking damage. [demonic ancestry]
   235 | D:1      | Reached XP level 2. HP: 22/24 MP: 4/4
   255 | D:1      | Reached * piety under Lugonu
   355 | D:1      | Reached skill level 1 in Dodging
   713 | D:1      | Gained mutation: You sometimes gain power by taking damage. [demonic ancestry]
   713 | D:1      | Reached XP level 3. HP: 21/29 MP: 5/5
   998 | D:1      | You fall through a shaft!
  1426 | D:2      | Found a shadowy altar of Dithmenos.
  1624 | D:2      | Gained mutation: You are partially covered in iridescent scales (AC +4). [demonic ancestry]
  1624 | D:2      | Reached XP level 4. HP: 19/37 MP: 6/6
  1881 | D:3      | Reached ** piety under Lugonu
  2036 | D:2      | Reached skill level 4 in Fighting
  3438 | D:3      | Gained mutation: You have sharp toenails. [demonic ancestry]
  3438 | D:3      | Reached XP level 5. HP: 39/42 MP: 7/7
  4207 | D:3      | Noticed a moth of wrath
  4209 | D:3      | Found a bloodstained altar of Trog.
  4554 | D:4      | Noticed germz's ghost (amateur KoAr)
  4570 | D:4      | Killed germz's ghost
  4570 | D:4      | Gained mutation: You are mostly covered in iridescent scales (AC +6). [demonic ancestry]
  4570 | D:4      | Reached XP level 6. HP: 43/49 MP: 8/8
  4584 | D:4      | Got a faintly glowing flail
  4598 | D:4      | Reached *** piety under Lugonu
  4620 | D:4      | Identified the +9 flail of the Six Eyes {venom, rElec rPois Str+3 Int-4} (You found it on level 4 of the Dungeon)
  4657 | D:4      | Noticed Natasha
  4661 | D:4      | Killed Natasha
  4706 | D:4      | Reached XP level 7. HP: 38/55 MP: 9/9
  5000 | D:4      | Noticed a slave
  5001 | D:4      | Noticed a slave
  5002 | D:4      | Noticed Pikel
  5003 | D:4      | Noticed a slave
  5004 | D:4      | Noticed a slave
  5024 | D:4      | Killed a slave
  5035 | D:4      | Killed Pikel
  5035 | D:4      | Reached skill level 5 in Fighting
  5035 | D:4      | Reached skill level 1 in Maces & Flails
  5035 | D:4      | Reached XP level 8. HP: 18/62 MP: 10/10
  5235 | D:4      | Killed Natasha
  5237 | D:4      | Killed a freed slave
  5385 | D:4      | Noticed Natasha
  5389 | D:4      | Killed Natasha
  5557 | D:4      | Noticed an ogre
  5564 | D:4      | Killed an ogre
  5614 | D:4      | Killed a freed slave
  5938 | D:5      | Entered Level 5 of the Dungeon
  5971 | D:5      | Noticed Sigmund
  5982 | D:5      | Killed Sigmund
  5982 | D:5      | Reached skill level 5 in Armour
  6062 | D:5      | Noticed Blork the orc
  6070 | D:5      | Killed Blork the orc
  6151 | D:5      | Reached skill level 5 in Dodging
  6247 | D:5      | Reached skill level 6 in Fighting
  6247 | D:5      | Reached skill level 1 in Throwing
  6327 | D:5      | Found Vuoskill's Armour Shoppe.
  6354 | D:5      | Reached **** piety under Lugonu
  6368 | D:5      | Bought a +0 pair of boots for 63 gold pieces
  6478 | D:5      | Found an opulent altar of Gozag.
  6480 | D:5      | Found Gozag's Platinum Reserve.
  6909 | D:6      | Reached skill level 1 in Stealth
  6909 | D:6      | Reached XP level 9. HP: 69/69 MP: 11/11
  7283 | D:6      | Noticed Dowan
  7284 | D:6      | Noticed Duvessa
  7289 | D:6      | Killed Duvessa
  7298 | D:6      | Killed Dowan
  7369 | D:6      | Reached skill level 1 in Shields
  7745 | D:6      | Found a blossoming altar of Fedhas.
  7993 | D:7      | Found a stormy altar of Qazlal.
  7993 | D:7      | Found a shimmering altar of Xom.
  7994 | D:7      | Found a sparkling altar of Nemelex Xobeh.
  7994 | D:7      | Found an iron altar of Okawaru.
  7994 | D:7      | Found an ancient bone altar of Kikubaaqudgha.
  8077 | D:7      | Found Goirungu's General Store.
  8154 | D:7      | Found Lajoli's Antique Armour Boutique.
  8162 | D:7      | Bought a pair of gloves for 81 gold pieces
  8162 | D:7      | Bought a helmet for 81 gold pieces
  8245 | D:7      | Found a staircase to the Ecumenical Temple.
  8252 | D:7      | Found Itruecua's Antique Weapon Emporium.
  8255 | D:7      | Found Kapsif's Antique Armour Emporium.
  8270 | D:7      | Bought a glowing cloak for 112 gold pieces
  8653 | D:7      | Reached skill level 7 in Fighting
  8787 | D:8      | Gained mutation: You are dopey. (Int -2) [mutagenic meat]
  8788 | D:8      | Gained mutation: You are weak. (Str -2) [mutagenic meat]
  8789 | D:8      | Lost mutation: You are weak. (Str -2) [mutagenic meat]
  8790 | D:8      | Gained mutation: You have razor-sharp toenails. [mutagenic meat]
  8791 | D:8      | Gained mutation: You are robust (+10% HP). [mutagenic meat]
  8792 | D:8      | Gained mutation: You are somewhat resistant to further mutation. [mutagenic meat]
  8907 | D:8      | Found a glowing golden altar of the Shining One.
  8937 | D:8      | Reached ***** piety under Lugonu
  9032 | D:8      | Reached XP level 10. HP: 82/86 MP: 12/12
  9351 | D:8      | Reached skill level 5 in Maces & Flails
  9488 | D:8      | Noticed a cyan ugly thing
  9489 | D:8      | Noticed a hill giant
  9501 | D:8      | Killed a cyan ugly thing
  9505 | D:8      | Killed a hill giant
  9593 | D:8      | Reached skill level 5 in Shields
  9855 | D:9      | Got an ancient long sword
  9856 | D:9      | Identified the +6 long sword of Income {venom, Int+5 Dex-2} (You found it on level 9 of the Dungeon)
 10199 | D:9      | Reached skill level 8 in Fighting
 10663 | D:9      | Found Faim's Book Boutique.
 11009 | D:9      | Found Tennuam's Distillery.
 11196 | D:10     | Entered Level 10 of the Dungeon
 11301 | D:10     | Noticed a hill giant
 11310 | D:10     | Killed a hill giant
 11310 | D:10     | Reached XP level 11. HP: 94/94 MP: 13/13
 11401 | D:10     | Noticed a three-headed hydra
 11411 | D:10     | Killed a three-headed hydra
 11807 | D:10     | Found Bing's Book Shop.
 12308 | D:11     | Noticed a hill giant
 12342 | D:11     | Noticed a hill giant
 12354 | D:11     | Killed a hill giant
 12354 | D:11     | Reached ****** piety under Lugonu
 12802 | D:10     | Gained mutation: Your flesh is cold resistant. [mutagenic meat]
 13696 | D:11     | Reached skill level 9 in Fighting
 13767 | D:11     | Killed a hill giant
 14234 | D:11     | Found a staircase to the Orcish Mines.
 14249 | Orc:1    | Entered Level 1 of the Orcish Mines
 14258 | Orc:1    | Noticed Fannar
 14281 | Orc:1    | Killed Fannar
 14281 | Orc:1    | Gained mutation: You are very robust (+20% HP). [demonic ancestry]
 14281 | Orc:1    | Reached XP level 12. HP: 85/114 MP: 14/14
 14560 | Orc:2    | Found a roughly hewn altar of Beogh.
 14845 | Orc:2    | Noticed Rupert
 14849 | Orc:2    | Found Ogicoka's Book Emporium.
 15226 | Orc:2    | Slain by Rupert

Action                   |  1- 3 |  4- 6 |  7- 9 | 10-12 || total
-------------------------+-------+-------+-------+-------++-------
Melee: Hand axe          |   143 |   128 |       |       ||   271
       War axe           |       |    74 |       |    88 ||   162
       Flail             |       |     9 |   318 |   610 ||   937
Throw: Tomahawk          |       |       |     4 |    14 ||    18
Invok: Depart the Abyss  |     1 |       |       |       ||     1
       Banish            |       |       |       |     4 ||     4
       Bend Space        |       |       |       |     1 ||     1
  Use: Potion            |       |     5 |       |     2 ||     7
       Scroll            |       |       |     2 |    14 ||    16
  Eat: Bread ration      |     1 |       |       |       ||     1
       Chunk             |       |     8 |    13 |    13 ||    34
       Fruit             |       |       |     8 |    16 ||    24
       Pizza             |       |       |     2 |     5 ||     7
       Meat ration       |       |       |     1 |       ||     1
